 Dungeon Crawl Stone Soup version 0.25.1-2-g60ff931df9 (webtiles) character file.

Game seed: 15866882534450543734

15221 TheAlmogaver the Cleaver (level 11, -3/102 HPs)
             Began as a Minotaur Berserker on July 14, 2020.
             Was a High Priest of Trog.
             Slain by a komodo dragon (22 damage)
             ... on level 10 of the Dungeon on July 31, 2020.
             The game lasted 00:59:30 (12882 turns).

TheAlmogaver the Cleaver (Minotaur Berserker)      Turns: 12882, Time: 00:59:32

Health: -3/102     AC: 10    Str: 25    XL:     11   Next: 99%
Magic:  15/15      EV: 18    Int:  4    God:    Trog [*****.]
Gold:   591        SH:  0    Dex: 14    Spells: 10/10 levels left

rFire    . . .     SeeInvis .   I - +3 hand axe "Epav" {holy, rElec Dex+4 Stlth+}
rCold    + . .     Gourm    .   (no shield)
rNeg     + . .     Faith    +   w - +0 steam dragon scales
rPois    .         Spirit   .   (helmet restricted)
rElec    +         Reflect  .   f - +0 cloak
rCorr    .         Harm     .   x - +0 pair of gloves
MR       .....                  (no boots)
Stlth    ++........             h - amulet of faith
HPRegen  0.27/turn              j - ring of positive energy
MPRegen  0.14/turn              l - ring of protection from cold

@: no status effects
A: retaliatory headbutt, horns 2
a: Berserk, Trog's Hand, Brothers in Arms, Renounce Religion


You were on level 10 of the Dungeon.
You worshipped Trog.
Trog was extremely pleased with you.
You were hungry.

You visited 2 branches of the dungeon, and saw 12 of its levels.

You collected 591 gold pieces.

Inventory:

Hand Weapons
 I - the +3 hand axe "Epav" (weapon) {holy, rElec Dex+4 Stlth+}
   (You found it on level 7 of the Dungeon)

   It has been blessed by the Shining One to cause great damage to the undead
   and demons.
   It affects your dexterity (+4).
   It insulates you from electricity.
   It makes you more stealthy.
Missiles
 u - 6 silver boomerangs (quivered)
Armour
 f - a +0 cloak (worn)
 w - +0 steam dragon scales (worn)
 x - a +0 pair of gloves (worn)
Jewellery
 h - an amulet of faith (around neck)
 j - a ring of positive energy (left hand)
 l - a ring of protection from cold (right hand)
 q - an uncursed ring of stealth
Wands
 k - a wand of iceblast (16)
 o - a wand of clouds (10)
 B - a wand of acid (1)
 C - a wand of digging (3)
 F - a wand of flame (20)
 G - a wand of paralysis (6)
Scrolls
 e - a scroll of magic mapping {unknown}
 g - a scroll of noise {unknown}
 i - a scroll of enchant armour {unknown}
 s - 7 scrolls of teleportation
 v - a scroll of fog
 y - a scroll of blinking
 z - 2 scrolls of remove curse
 E - a scroll of enchant weapon {unknown}
Potions
 a - 2 potions of cancellation
 d - 3 potions of mutation
 n - a potion of stabbing
 p - 2 potions of curing
 D - 5 potions of magic
 H - a potion of flight {unknown}
Miscellaneous
 J - a lightning rod (4/4)
Comestibles
 c - 22 rations


   Skills:
 + Level 11.2 Fighting
 + Level 11.7 Axes
 + Level 10.8 Armour
 + Level 10.0 Dodging
 + Level 6.8 Evocations


You had 10 spell levels left.
You didn't know any spells.
Your spell library was empty.

Dungeon Overview and Level Annotations

Branches:
Dungeon (11/15)            Temple (0/1) D:7            Lair (1/6) D:10
    Orc (0/2) D:9

Altars:
Cheibriados
Dithmenos
Elyvilon
Makhleb
Qazlal
Sif Muna
Trog

Shops:
D:10 *


Innate Abilities, Weirdness & Mutations

You reflexively headbutt those who attack you in melee.
You have a pair of horns on your head.


Message History

You hit the fungus. The komodo dragon bites you.
* * * LOW HITPOINT WARNING * * *
You hit the komodo dragon but do no damage.
You headbutt the komodo dragon.
The komodo dragon is moderately wounded.
You hit the fungus but do no damage. You hit the plant but do no damage.
You hit the fungus. You hit the plant but do no damage.
The komodo dragon barely misses you. You furiously retaliate!
You headbutt the komodo dragon.
You hit the komodo dragon but do no damage.
The komodo dragon is moderately wounded.
You hit the fungus. You hit the plant but do no damage. You slash the fungus!
You hit the plant. You hit the komodo dragon. You headbutt the komodo dragon.
The komodo dragon is heavily wounded.
You hit the plant but do no damage. You hit the fungus.
You destroy the fungus!
You hit the plant but do no damage. You hit the fungus.
The komodo dragon bites you!!
You die...

......######..P....PP...#...#....
......'.......PPP.P.....#...##...
(.....#....P..P..P.P...(#....#...
#######....P.PP.P.P..(P.'....'...
......#...(..P...P..PP..#....#...
......#....PP.P.P(PPPPP.....##...
.>....#....PPP..PP....P.....#....
.....###'.P.P.PP†lPP..P.P...#....
.....##..P.P.P..@†..PP......#....
.....##...PPPP.P.P.PPP..P...+.)..
#######.....PP.PPP.P..P.....#....
#.....P.PP.PPP.PPP..##+#....
#......P.PP...PPP...........
#.......PPPPP.PPP...........
#...........PPP.............
#......P..PPPP..PP.......... ###
##....#.P..P................


You could see a komodo dragon.

Vanquished Creatures
  Erica (D:8)
  5 two-headed ogres
  Urug (D:10)
  Pikel (D:9)
  An ugly thing (D:10)
  A manticore (D:11)
  A centaur zombie (D:11)
  A cyclops (D:11)
  Psyche (D:8)
  A gargoyle (D:10)
  Maggie (D:6)
  2 trolls
  A hippogriff (D:5)
  A shadow (D:11)
  A wraith (D:8)
  A human (D:7)
  7 yaks
  A hungry ghost (D:7)
  3 hogs (D:7)
  Edmund (D:6)
  A water moccasin (D:9)
  An acid dragon (D:11)
  2 porcupines (D:10)
  3 orc warriors
  2 necrophages
  4 sky beasts
  2 wolves (D:10)
  A phantom (D:8)
  6 ogres
  6 centaurs
  2 crocodiles (D:10)
  15 bullfrogs
  3 scorpions
  6 wights
  4 howler monkeys
  2 crimson imps (D:10)
  A quasit (D:8)
  2 hounds
  3 jellies
  8 orc priests
  A bullfrog skeleton (D:9)
  2 iguanas
  5 orc wizards
  9 worker ants
  A hound zombie (D:8)
  2 hound skeletons
  A worker ant zombie (D:10)
  Robin (D:2)
  13 adders
  A shadow imp (D:6)
  4 oozes
  3 adder skeletons
  An adder zombie (D:8)
  4 worms
  4 dart slugs
  10 leopard geckos
  32 orcs
  3 ball pythons
  9 bats
  7 giant cockroaches
  20 goblins
  12 hobgoblins
  18 jackals
  2 quokkas
  9 frilled lizards
  A jackal skeleton (D:6)
  10 kobolds
  A leopard gecko skeleton (D:7)
  17 rats
  2 fungi (D:10)
312 creatures vanquished.

Vanquished Creatures (collateral kills)
  Grinder (D:6)
1 creature vanquished.

Vanquished Creatures (others)
  2 slaves (D:9)
  A worker ant (D:9)
  An adder skeleton (D:9)
  An orc (D:9)
  2 fungi (D:10)
  A plant (D:10)
8 creatures vanquished.

Grand Total: 321 creatures vanquished

Notes
Turn   | Place    | Note
-------+----------+-------------------------------------------
     0 | D:1      | TheAlmogaver the Minotaur Berserker began the quest for the
                  | Orb.
     0 | D:1      | Reached XP level 1. HP: 19/19 MP: 0/0
   342 | D:1      | Reached XP level 2. HP: 27/27 MP: 1/1
   558 | D:1      | Reached ** piety under Trog
   558 | D:1      | Reached XP level 3. HP: 30/33 MP: 2/2
  1463 | D:2      | Reached XP level 4. HP: 41/41 MP: 3/3
  1561 | D:2      | Reached skill level 5 in Axes
  1954 | D:2      | Noticed Robin
  1954 | D:2      | Reached *** piety under Trog
  1981 | D:2      | Killed Robin
  1983 | D:2      | Reached XP level 5. HP: 22/47 MP: 4/4
  3298 | D:4      | Reached XP level 6. HP: 54/55 MP: 5/5
  3354 | D:4      | Reached skill level 5 in Fighting
  3409 | D:4      | Reached **** piety under Trog
  3822 | D:5      | Entered Level 5 of the Dungeon
  3888 | D:5      | Found a shadowy altar of Dithmenos.
  4231 | D:5      | Reached XP level 7. HP: 61/61 MP: 6/6
  4593 | D:5      | Noticed a hippogriff
  4603 | D:5      | Killed a hippogriff
  4603 | D:5      | Reached skill level 5 in Armour
  5006 | D:6      | Noticed Maggie
  5030 | D:6      | Killed Maggie
  5030 | D:6      | Reached skill level 5 in Dodging
  5030 | D:6      | Reached XP level 8. HP: 38/71 MP: 7/7
  5229 | D:6      | Noticed Grinder
  5238 | D:6      | Killed Grinder
  5359 | D:6      | Upgraded the game from 0.25.0-46-gbd7b0854d2 to
                  | 0.25.1-1-g288607f5aa
  5591 | D:6      | Reached skill level 1 in Evocations
  5695 | D:6      | Noticed Edmund
  5701 | D:6      | Killed Edmund
  6196 | D:6      | Found a snail-covered altar of Cheibriados.
  6284 | D:7      | Reached XP level 9. HP: 79/80 MP: 9/9
  6320 | D:7      | Found a bloodstained altar of Trog.
  7070 | D:7      | Found a staircase to the Ecumenical Temple.
  7077 | D:7      | Got a brightly glowing hand axe
  7078 | D:7      | Identified the +3 hand axe "Epav" {holy, rElec Dex+4
                  | Stlth+} (You found it on level 7 of the Dungeon)
  7180 | D:7      | Reached ***** piety under Trog
  7554 | D:8      | Noticed Erica
  7558 | D:8      | Noticed Psyche
  7559 | D:8      | Killed Erica
  7559 | D:8      | Reached XP level 10. HP: 90/90 MP: 11/11
  7562 | D:8      | Killed Psyche
  7606 | D:8      | Noticed a two-headed ogre
  7616 | D:8      | Killed a two-headed ogre
  7616 | D:8      | Reached skill level 10 in Axes
  7685 | D:8      | Found a white marble altar of Elyvilon.
  7688 | D:8      | Found a burning altar of Makhleb.
  7691 | D:8      | Found a stormy altar of Qazlal.
  7707 | D:8      | Found a shimmering blue altar of Sif Muna.
  8082 | D:8      | Noticed a two-headed ogre
  8094 | D:8      | Killed a two-headed ogre
  8096 | D:8      | Upgraded the game from 0.25.1-1-g288607f5aa to
                  | 0.25.1-2-g60ff931df9
  8442 | D:9      | Noticed Pikel
  8445 | D:9      | Killed Pikel
  8445 | D:9      | Reached skill level 5 in Evocations
  8623 | D:9      | Found a staircase to the Orcish Mines.
  8665 | D:9      | Noticed a two-headed ogre
  8671 | D:9      | Noticed a two-headed ogre
  8673 | D:9      | Killed a two-headed ogre
  8673 | D:9      | Reached skill level 10 in Fighting
  8673 | D:9      | Reached XP level 11. HP: 83/99 MP: 12/14
  8705 | D:9      | Killed a two-headed ogre
  9388 | D:10     | Entered Level 10 of the Dungeon
  9489 | D:10     | Received a gift from Trog
  9575 | D:10     | Found a staircase to the Lair.
  9632 | D:10     | Reached skill level 10 in Armour
  9788 | D:10     | Noticed a two-headed ogre
  9798 | D:10     | Killed a two-headed ogre
 10079 | D:10     | Noticed Urug
 10100 | D:10     | Killed Urug
 11268 | D:10     | Found Eheqeuh's General Store.
 11693 | D:11     | Noticed a brown ugly thing
 11721 | D:10     | Killed a brown ugly thing
 11915 | D:11     | Reached skill level 10 in Dodging
 12786 | Lair:1   | Entered Level 1 of the Lair of Beasts
 12882 | D:10     | Slain by a komodo dragon

Illustrated notes

Levels and vault maps discovered:
D:1:      dpeg_arrival_arbitrary_b, layout_loops_ring, minmay_split_cup_small
D:2:      layout_basic, first_ration, minmay_strange_pillars, uniq_robin
D:3:      layout_loops_cross, small_statue_intersection,
          minmay_fractal_squares_gapless_5
D:4:      layout_rooms, lemuel_another_geyser
D:5:      layout_cave_pods, lemuel_altar_in_water
D:6:      layout_loops_ring, cheibrodos_worm_habitat, uniq_maggie, uniq_grinder,
          uniq_edmund
D:7:      corexii_shack_village, layout_rooms, bloody_trog,
          minmay_temple_entry_proselytizer, grunt_livestock, minivault_25
D:8:      layout_basic, grunt_temple_overflow_cloverleaf,
          kennysheep_generic_room_15, uniq_psyche, uniq_erica
D:9:      layout_cave_pools, orc_0_dummy, uniq_pikel
D:10:     layout_gridville, due_lair_maze_entry_diamond, serial_shops, shop,
          uniq_urug
D:11:     layout_irregular_city, serial_column_ruins,
          column_ruins_square_medium, column_ruins_square_large,
          column_ruins_open_small, column_ruins_grid_4, column_ruins_grid_1,
          column_ruins_open_small, column_ruins_grid_1
Lair:1:   layout_cave_pods, gauntlet_entry_generic, fungi_pond_lemuel,
          uniq_joseph

Skill      XL: |  1  2  3  4  5  6  7  8  9 10 11 |
---------------+----------------------------------+-----
Axes           | 4 5 6 7 8 9 10 11 | 11.7
Fighting       | 4 5 6 7 8 10 11 | 11.2
Armour         | 3 4 5 7 8 9 10 | 10.8
Dodging        | 3 4 5 6 7 8 10 | 10.0
Evocations     | 2 3 5 6 |  6.8

Action                   |  1- 3 |  4- 6 |  7- 9 | 10-12 || total
-------------------------+-------+-------+-------+-------++-------
Melee: Hand axe          |    87 |   207 |   208 |   385 ||   887
       Headbutt          |    10 |    34 |    52 |   107 ||   203
Invok: Trog's Hand       |       |     1 |     2 |     1 ||     4
       Brothers in Arms  |       |       |     2 |     1 ||     3
Evoke: Wand              |       |       |    31 |    32 ||    63
  Use: Potion            |       |     2 |     2 |     3 ||     7
       Scroll            |       |     5 |     3 |    10 ||    18
 Stab: Sleeping          |       |       |     6 |     5 ||    11
       Paralysed         |       |       |       |     8 ||     8
  Eat: Chunk             |     2 |     9 |     9 |    14 ||    34
       Ration            |       |       |     1 |     1 ||     2
Armor: Leather armour    |    17 |    21 |       |       ||    38
       Skin              |       |    25 |       |       ||    25
       Chain mail        |       |    78 |    13 |       ||    91
       Animal skin       |       |     8 |       |       ||     8
       Steam dragon scal |       |       |    35 |   105 ||   140
Dodge: Dodged            |    47 |   119 |   126 |   264 ||   556
